APP
DANVILLE BRAVES @ SAN DIEGO (APP) PADRES
10/14/2048
 
TOP OF THE 1ST
Philadelphia (APP) Phillies batting - Pitching for San Diego (APP) Padres : LHP Ramon Amaya
Pitching: LHP Ramon Amaya
Batting: LHB Charlie Cook 0-0: Ball
1-0: Ground out 1-3 (Groundball, 23, EV 80.0 MPH)
Batting: RHB Kiyoshi Okazaki 0-0: Ground out 3-1 (Groundball, 34, EV 93.8 MPH)
Batting: LHB Joel Urquiza 0-0: Swinging Strike
0-1: Foul Ball, location: 2F
0-2: Strikes out looking
Top of the 1st over - 0 runs, 0 hits, 0 errors, 0 left on base; Philadelphia (APP) 0 - San Diego (APP) 0
BOTTOM OF THE 1ST
San Diego (APP) Padres batting - Pitching for Philadelphia (APP) Phillies : LHP Jesus Barajas
Pitching: LHP Jesus Barajas
Batting: SHB Juan Luna 0-0: Ball
1-0: Called Strike
1-1: SINGLE (Groundball, 56D, EV 98.8 MPH)
Batting: SHB Justin Burkholder 0-0: Ball
1-0: Ball
2-0: Ball
3-0: Base on Balls
Juan Luna to second
Batting: RHB Laroya Foronda 0-0: Called Strike
0-1: Grounds into double play, 5-4-3 (Groundball, 56, EV 101.9 MPH)
Juan Luna to third
Batting: RHB Luis Ramos 0-0: Called Strike
0-1: Ground out 4-3 (Groundball, 4, EV 85.0 MPH)
Bottom of the 1st over - 0 runs, 1 hit, 0 errors, 1 left on base; Philadelphia (APP) 0 - San Diego (APP) 0
TOP OF THE 2ND
Philadelphia (APP) Phillies batting - Pitching for San Diego (APP) Padres : LHP Ramon Amaya
Batting: RHB John Gray 0-0: SINGLE (Groundball, 4, EV 79.4 MPH) (infield hit)
Batting: LHB Otte van Haarlem 0-0: Ball
1-0: Ball
2-0: Called Strike
2-1: Fly out, F8 (Line Drive, 8RD, EV 93.8 MPH)
Batting: RHB Harvey Harvey 0-0: Ball
1-0: Swinging Strike
1-1: Foul Ball, location: 2F
1-2: Fielders Choice at 2nd, 6-4 (Groundball, 6, EV 102.5 MPH)
Batting: RHB David Rivera 0-0: Ball
Harvey Harvey steals 2nd base
1-0: Foul Ball, location: 2F
1-1: Ground out 6-3 (Groundball, 6, EV 110.0 MPH)
Top of the 2nd over - 0 runs, 1 hit, 0 errors, 1 left on base; Philadelphia (APP) 0 - San Diego (APP) 0
BOTTOM OF THE 2ND
San Diego (APP) Padres batting - Pitching for Philadelphia (APP) Phillies : LHP Jesus Barajas
Batting: LHB Bobby Mohr 0-0: SINGLE (Groundball, 6D, EV 102.5 MPH)
Batting: RHB Joe Brady 0-0: Ball
1-0: Ball
2-0: Ground out 3-1 (Groundball, 34S, EV 88.1 MPH)
Bobby Mohr to second
Batting: LHB Justin Banner 0-0: Ball
1-0: Called Strike
1-1: Fly out, F8 (Line Drive, 8LM, EV 104.4 MPH)
Batting: RHB John Gray 0-0: Called Strike
0-1: Foul Ball, location: 2F
0-2: Ball
1-2: Foul Ball, location: 2F
1-2: Ball
2-2: Foul Ball, location: 2F
2-2: Ball
3-2: Strikes out swinging
Bottom of the 2nd over - 0 runs, 1 hit, 0 errors, 1 left on base; Philadelphia (APP) 0 - San Diego (APP) 0
TOP OF THE 3RD
Philadelphia (APP) Phillies batting - Pitching for San Diego (APP) Padres : LHP Ramon Amaya
Batting: RHB Jose Andrade 0-0: Ball
1-0: Ground out 4-3 (Groundball, 4, EV 81.3 MPH)
Batting: LHB Jesus Barajas 0-0: Ground out 4-3 (Groundball, 34D, EV 100.0 MPH)
Batting: LHB Charlie Cook 0-0: Ground out 6-3 (Groundball, 6, EV 90.6 MPH)
Top of the 3rd over - 0 runs, 0 hits, 0 errors, 0 left on base; Philadelphia (APP) 0 - San Diego (APP) 0
BOTTOM OF THE 3RD
San Diego (APP) Padres batting - Pitching for Philadelphia (APP) Phillies : LHP Jesus Barajas
Batting: LHB Ramon Amaya 0-0: Swinging Strike
0-1: SINGLE (Groundball, 56D, EV 102.5 MPH)
Batting: SHB Juan Luna 0-0: Called Strike
0-1: Swinging Strike
0-2: Fly out, F5 (Line Drive, 5, EV 63.8 MPH)
Batting: SHB Justin Burkholder 0-0: Ball
1-0: Called Strike
1-1: Called Strike
1-2: Fielders Choice at 2nd, 4-6 (Groundball, 34, EV 105.0 MPH)
Batting: RHB Laroya Foronda 0-0: Ball
1-0: Called Strike
1-1: Ball
2-1: Ball
3-1: Foul Ball, location: 2F
3-2: Ground out 4-3 (Groundball, 4, EV 106.9 MPH)
Bottom of the 3rd over - 0 runs, 1 hit, 0 errors, 1 left on base; Philadelphia (APP) 0 - San Diego (APP) 0
TOP OF THE 4TH
Philadelphia (APP) Phillies batting - Pitching for San Diego (APP) Padres : LHP Ramon Amaya
Batting: RHB Kiyoshi Okazaki 0-0: Called Strike
0-1: Ball
1-1: Ground out 6-3 (Groundball, 6, EV 86.3 MPH)
Batting: LHB Joel Urquiza 0-0: Ball
1-0: Foul Ball, location: 2F
1-1: Ball
2-1: Foul Ball, location: 2F
2-2: Ground out 4-3 (Groundball, 4D, EV 100.6 MPH)
Batting: RHB John Gray 0-0: Foul Ball, location: 2F
0-1: Called Strike
0-2: Strikes out swinging
Top of the 4th over - 0 runs, 0 hits, 0 errors, 0 left on base; Philadelphia (APP) 0 - San Diego (APP) 0
BOTTOM OF THE 4TH
San Diego (APP) Padres batting - Pitching for Philadelphia (APP) Phillies : LHP Jesus Barajas
Batting: RHB Luis Ramos 0-0: Foul Ball, location: 2F
0-1: Ball
1-1: Ball
2-1: Foul Ball, location: 2F
2-2: Ball
3-2: Strikes out looking
Batting: LHB Bobby Mohr 0-0: Called Strike
0-1: Ball
1-1: Ball
2-1: Called Strike
2-2: Ground out 6-3 (Groundball, 56D, EV 105.0 MPH)
Batting: RHB Joe Brady 0-0: SINGLE (Line Drive, 9S, EV 85.6 MPH)
Batting: LHB Justin Banner 0-0: Foul Ball, location: 2F
0-1: Called Strike
0-2: Strikes out swinging
Bottom of the 4th over - 0 runs, 1 hit, 0 errors, 1 left on base; Philadelphia (APP) 0 - San Diego (APP) 0
TOP OF THE 5TH
Philadelphia (APP) Phillies batting - Pitching for San Diego (APP) Padres : LHP Ramon Amaya
Batting: LHB Otte van Haarlem 0-0: Ball
1-0: Foul Ball, location: 2F
1-1: Ground out 6-3 (Groundball, 6M, EV 115.0 MPH)
Batting: RHB Harvey Harvey 0-0: Ground out 6-3 (Groundball, 6, EV 86.9 MPH)
Batting: RHB David Rivera 0-0: Ball
1-0: Ball
2-0: Foul Ball, location: 2F
2-1: Called Strike
2-2: Foul Ball, location: 2F
2-2: Ball
3-2: DOUBLE (Groundball, 5L, EV 96.9 MPH)
Batting: RHB Jose Andrade 0-0: Ball
1-0: Called Strike
1-1: SINGLE (Groundball, 4MD, EV 107.5 MPH)
David Rivera to third
Runner from 3rd tries for Home, SAFE, throw by CF to home
Jose Andrade to second
Batting: LHB Jesus Barajas 0-0: Foul Ball, location: 2F
0-1: Called Strike
0-2: Ground out 4-3 (Groundball, 34D, EV 88.8 MPH)
Top of the 5th over - 1 run, 2 hits, 0 errors, 1 left on base; Philadelphia (APP) 1 - San Diego (APP) 0
BOTTOM OF THE 5TH
San Diego (APP) Padres batting - Pitching for Philadelphia (APP) Phillies : LHP Jesus Barajas
Batting: RHB John Gray 0-0: Ball
1-0: Called Strike
1-1: Foul Ball, location: 2F
1-2: Foul Ball, location: 2F
1-2: Ball
2-2: Ball
3-2: Foul Ball, location: 2F
3-2: Fly out, F4 (Flyball, 4MD, EV 70.0 MPH)
Batting: LHB Ramon Amaya 0-0: Ball
1-0: Called Strike
1-1: Ball
2-1: Swinging Strike
2-2: Strikes out looking
Batting: SHB Juan Luna 0-0: Ball
1-0: Called Strike
1-1: Called Strike
1-2: Strikes out looking
Bottom of the 5th over - 0 runs, 0 hits, 0 errors, 0 left on base; Philadelphia (APP) 1 - San Diego (APP) 0
TOP OF THE 6TH
Philadelphia (APP) Phillies batting - Pitching for San Diego (APP) Padres : LHP Ramon Amaya
Batting: LHB Charlie Cook 0-0: Ball
1-0: SINGLE (Flyball, 89S, EV 88.8 MPH)
Batting: RHB Kiyoshi Okazaki 0-0: Called Strike
0-1: Ball
1-1: Ball
2-1: Called Strike
2-2: SINGLE (Groundball, 4, EV 81.3 MPH) (infield hit)
Charlie Cook to second
Batting: LHB Joel Urquiza 0-0: Ball
1-0: Called Strike
1-1: Ball
2-1: Ball
Wild Pitch!
Charlie Cook to third
Kiyoshi Okazaki to second
3-1: Base on Balls
Batting: RHB John Gray 0-0: DOUBLE (Line Drive, 7LS, EV 104.4 MPH)
Charlie Cook scores
Kiyoshi Okazaki scores
Joel Urquiza to third
Batting: LHB Otte van Haarlem 0-0: Foul Ball, location: 2F
0-1: Swinging Strike
Passed Ball!
Joel Urquiza scores
John Gray to third
0-2: Foul Ball, location: 2F
0-2: Foul Ball, location: 2F
0-2: Ball
1-2: 2-RUN HOME RUN (Flyball, 78XD, EV 95.0 MPH), Distance : 428 ft
Pitching: RHP Brendan Dotson
Batting: RHB Harvey Harvey 0-0: Fly out, F9 (Line Drive, 9, EV 109.4 MPH)
Batting: RHB David Rivera 0-0: Foul Ball, location: 2F
0-1: Swinging Strike
0-2: Ball
1-2: Ball
2-2: Strikes out swinging
Batting: RHB Jose Andrade 0-0: Ball
1-0: Swinging Strike
1-1: Foul Ball, location: 2F
1-2: Ball
2-2: Ball
3-2: Foul Ball, location: 2F
3-2: Base on Balls
Batting: LHB Jesus Barajas 0-0: Fielders Choice at 2nd, 6-4 (Groundball, 6, EV 95.0 MPH)
Top of the 6th over - 5 runs, 4 hits, 0 errors, 1 left on base; Philadelphia (APP) 6 - San Diego (APP) 0
BOTTOM OF THE 6TH
San Diego (APP) Padres batting - Pitching for Philadelphia (APP) Phillies : LHP Jesus Barajas
Batting: SHB Justin Burkholder 0-0: Ball
1-0: Called Strike
1-1: Ground out U3 (Groundball, 3, EV 88.1 MPH)
Batting: RHB Laroya Foronda 0-0: Ball
1-0: Called Strike
1-1: Ball
2-1: SINGLE (Groundball, 34D, EV 101.3 MPH)
Batting: RHB Luis Ramos 0-0: Ground out 5-3 (Groundball, 56S, EV 68.8 MPH)
Laroya Foronda to second
Batting: LHB Bobby Mohr 0-0: Ball
Wild Pitch!
Laroya Foronda to third
1-0: Ball
2-0: Ground out 4-3 (Groundball, 4, EV 81.9 MPH)
Bottom of the 6th over - 0 runs, 1 hit, 0 errors, 1 left on base; Philadelphia (APP) 6 - San Diego (APP) 0
TOP OF THE 7TH
Philadelphia (APP) Phillies batting - Pitching for San Diego (APP) Padres : RHP Brendan Dotson
Batting: LHB Charlie Cook 0-0: Called Strike
0-1: Swinging Strike
0-2: Ball
1-2: Strikes out swinging
Batting: RHB Kiyoshi Okazaki 0-0: Ball
1-0: Foul Ball, location: 2F
1-1: SINGLE (Groundball, 6MD, EV 104.4 MPH)
Batting: LHB Joel Urquiza 0-0: Ball
1-0: Called Strike
Passed Ball!
Kiyoshi Okazaki to second
1-1: Ball
2-1: Ball
3-1: Ground out 6-3 (Groundball, 6M, EV 108.8 MPH)
Kiyoshi Okazaki to third
Batting: RHB John Gray 0-0: Ball
1-0: 2-RUN HOME RUN (Flyball, 7D, EV 106.3 MPH), Distance : 380 ft
Batting: LHB Otte van Haarlem 0-0: Ball
1-0: Called Strike
1-1: Ball
2-1: Ball
3-1: Called Strike
3-2: Base on Balls
Batting: RHB Harvey Harvey 0-0: Ball
1-0: Foul Ball, location: 2F
1-1: Ball
Passed Ball!
Otte van Haarlem to second
2-1: Ball
3-1: Foul Ball, location: 2F
3-2: Foul Ball, location: 2F
3-2: Base on Balls
Batting: RHB David Rivera 0-0: Fly out, F8 (Flyball, 8RD, EV 99.4 MPH)
Top of the 7th over - 2 runs, 2 hits, 0 errors, 2 left on base; Philadelphia (APP) 8 - San Diego (APP) 0
BOTTOM OF THE 7TH
San Diego (APP) Padres batting - Pitching for Philadelphia (APP) Phillies : LHP Jesus Barajas
Batting: RHB Joe Brady 0-0: Ball
1-0: Ground out 6-3 (Groundball, 6MS, EV 86.3 MPH)
Batting: LHB Justin Banner 0-0: Called Strike
0-1: Ball
1-1: Fly out, F9 (Flyball, 9D, EV 97.5 MPH)
Batting: RHB John Gray 0-0: Called Strike
0-1: Ball
1-1: Foul Ball, location: 2F
1-2: Ball
2-2: Strikes out swinging
Bottom of the 7th over - 0 runs, 0 hits, 0 errors, 0 left on base; Philadelphia (APP) 8 - San Diego (APP) 0
TOP OF THE 8TH
Philadelphia (APP) Phillies batting - Pitching for San Diego (APP) Padres : RHP Brendan Dotson
Batting: RHB Jose Andrade 0-0: Called Strike
0-1: Called Strike
0-2: Foul Ball, location: 2F
0-2: Foul Ball, location: 2F
0-2: Ball
1-2: Ball
2-2: Strikes out swinging
Batting: LHB Jesus Barajas 0-0: Called Strike
0-1: Ball
1-1: Foul Ball, location: 2F
1-2: Ball
2-2: Ball
3-2: Foul Ball, location: 2F
3-2: SINGLE (Groundball, 34D, EV 103.1 MPH)
Pitching: RHP Billy Virjonen
Batting: LHB Charlie Cook 0-0: Called Strike
0-1: Ball
1-1: Called Strike
1-2: Ball
Wild Pitch!
Jesus Barajas to second
2-2: Foul Ball, location: 2F
2-2: Ball
Wild Pitch!
Jesus Barajas to third
3-2: Base on Balls
Batting: RHB Kiyoshi Okazaki 0-0: Called Strike
0-1: Foul Ball, location: 2F
0-2: Ball
1-2: Fly out, F8 (Flyball, 78M, EV 94.4 MPH)
Batting: LHB Joel Urquiza 0-0: Ball
1-0: Ball
2-0: Called Strike
2-1: Ball
3-1: Base on Balls
Charlie Cook to second
Batting: RHB John Gray 0-0: Foul Ball, location: 2F
0-1: Ball
1-1: SINGLE (Groundball, 4MD, EV 98.1 MPH)
Jesus Barajas scores
Charlie Cook to third
Joel Urquiza to second
Runner from 3rd tries for Home, SAFE, throw by CF to home
Batting: LHB Otte van Haarlem 0-0: Ball
Wild Pitch!
Joel Urquiza to third
John Gray to second
1-0: Ball
Wild Pitch!
Joel Urquiza scores
John Gray to third
2-0: Ball
3-0: Base on Balls
Batting: RHB Harvey Harvey 0-0: Called Strike
0-1: Foul Ball, location: 2F
0-2: Ball
1-2: Ball
2-2: Strikes out swinging
Top of the 8th over - 3 runs, 2 hits, 0 errors, 2 left on base; Philadelphia (APP) 11 - San Diego (APP) 0
BOTTOM OF THE 8TH
San Diego (APP) Padres batting - Pitching for Philadelphia (APP) Phillies : LHP Jesus Barajas
Batting: RHB Billy Virjonen 0-0: SINGLE (Flyball, 78S, EV 92.5 MPH)
Pitching: RHP Jim Belan
Batting: SHB Juan Luna 0-0: Ball
1-0: Swinging Strike
1-1: Foul Ball, location: 2F
1-2: Strikes out swinging
Batting: SHB Justin Burkholder 0-0: Called Strike
0-1: Ball
1-1: Foul Ball, location: 2F
1-2: Ball
2-2: Fielders Choice at 2nd, 4-6 (Groundball, 4, EV 82.5 MPH)
Batting: RHB Laroya Foronda 0-0: Foul Ball, location: 2F
0-1: Ball
1-1: Ball
2-1: Swinging Strike
2-2: Strikes out swinging
Bottom of the 8th over - 0 runs, 1 hit, 0 errors, 1 left on base; Philadelphia (APP) 11 - San Diego (APP) 0
TOP OF THE 9TH
Philadelphia (APP) Phillies batting - Pitching for San Diego (APP) Padres : RHP Billy Virjonen
Batting: RHB David Rivera 0-0: Ball
1-0: Ball
2-0: Ball
3-0: Base on Balls
Batting: RHB Jose Andrade 0-0: Called Strike
0-1: Fielders Choice at 2nd, 5-4 (Groundball, 56, EV 80.6 MPH)
Batting: RHB Jim Belan 0-0: Sac Bunt to 25 - play at first, batter OUT! 5-4
Jose Andrade to second
Batting: LHB Charlie Cook 0-0: Ball
1-0: Ball
Wild Pitch!
Jose Andrade to third
2-0: Called Strike
2-1: Fly out, F3 (Line Drive, 3, EV 68.8 MPH)
Top of the 9th over - 0 runs, 0 hits, 0 errors, 1 left on base; Philadelphia (APP) 11 - San Diego (APP) 0
BOTTOM OF THE 9TH
San Diego (APP) Padres batting - Pitching for Philadelphia (APP) Phillies : RHP Jim Belan
Batting: RHB Luis Ramos 0-0: Ball
1-0: Called Strike
1-1: Swinging Strike
1-2: Ball
2-2: Strikes out swinging
Batting: LHB Bobby Mohr 0-0: Foul Ball, location: 2F
0-1: Ball
1-1: Fly out, F9 (Flyball, 9S, EV 83.1 MPH)
Batting: RHB Joe Brady 0-0: SINGLE (Flyball, 4D, EV 83.8 MPH)
Batting: LHB Justin Banner 0-0: Called Strike
0-1: Foul Ball, location: 2F
0-2: Ball
1-2: Ball
2-2: Foul Ball, location: 2F
2-2: Foul Ball, location: 2F
2-2: Strikes out looking
Bottom of the 9th over - 0 runs, 1 hit, 0 errors, 1 left on base; Philadelphia (APP) 11 - San Diego (APP) 0
Tuesday, March 28th , 2023 - OOTP Baseball 23.10 Build 110